AoeStats
← meica666

Fortress

510638218Analyzed
1v1 RM · 9h ago on Oct 1, 2026· 87m 57s· 2 players
Game mode
Random Map
Map size
Small (3 player)
Population
200
Speed
Normal
Resources
Standard
Victory
Conquest
Starting age
Dark Age
Ending age
Imperial Age
RankedLock teamsTeams togetherTeam positionsShared explorationLock speedFull tech treeHidden civsTurbo modeCheats
Victory
Defeat
🇺🇸 Byzantines · United States
704
+15
🇦🇷 Khmer · Argentina
679
-15
meica666
7:02 Feudal Age
8:23 Wheelbarrow
8:16 Double-Bit Axe
8:14 Horse Collar
16:50 Castle Age
16:07 Gold Mining
16:54 Stone Mining
19:09 Hand Cart
18:46 Pikeman
22:43 Gold Shaft Mining
24:41 Stone Shaft Mining
25:12 Bow Saw
25:06 Heavy Plow
30:21 Forging
30:11 Scale Mail Armor
30:26 Fortified Wall
34:34 Imperial Age
33:37 Redemption
35:04 Iron Casting
34:45 Chain Mail Armor
34:56 Halberdier
36:01 Conscription
36:58 Tusk Swords
36:59 Double Crossbow
38:01 Crop Rotation
38:29 Arson
40:15 Light Cavalry
40:35 Elite Ballista Elephant
42:38 Blast Furnace
41:45 Scale Barding Armor
47:16 Hussar
51:30 Heavy Scorpion
51:56 Man-at-Arms
53:55 Chemistry
53:11 Long Swordsman
57:14 Elite Skirmisher
64:26 Padded Archer Armor
64:17 Fletching
68:46 Two-Handed Swordsman
Rossayyyy
2:12 Loom
8:04 Feudal Age
12:03 Castle Age
10:28 Double-Bit Axe
10:29 Horse Collar
13:09 Light Cavalry
19:21 Forging
20:23 Wheelbarrow
19:56 Stone Mining
20:35 Gold Mining
21:13 Bow Saw
21:30 Scale Barding Armor
21:47 Fervor
21:53 Husbandry
23:33 Sanctity
25:09 Hand Cart
30:42 Imperial Age
29:09 Gold Shaft Mining
29:09 Stone Shaft Mining
29:15 Stone Shaft Mining
29:26 Fortified Wall
29:39 Ballistics
29:19 Murder Holes
30:23 Devotion
30:18 Pikeman
30:58 Squires
30:44 Arson
30:21 Man-at-Arms
30:46 Gambesons
31:30 Chain Barding Armor
31:11 Scale Mail Armor
31:47 Iron Casting
31:13 Padded Archer Armor
31:04 Fletching
31:19 Heavy Plow
31:51 Conscription
32:57 Two-Man Saw
32:34 Crop Rotation
33:38 Cavalier
33:39 Hussar
34:59 Plate Barding Armor
34:41 Chain Mail Armor
35:28 Logistica
36:08 Hoardings
34:55 Elite Cataphract
35:06 Elite Cataphract
35:46 Greek Fire
36:33 Hoardings
37:04 Chemistry
35:56 Guard Tower
37:32 Bodkin Arrow
38:08 Plate Mail Armor
37:56 Halberdier
37:57 Long Swordsman
38:14 Capped Ram
38:17 Onager
39:56 Siege Ram
45:16 Elite Skirmisher
46:03 Thumb Ring
45:19 Crossbowman
46:19 Elite Varangian Guard
46:22 Two-Handed Swordsman
47:13 Bracer
47:28 Leather Archer Armor
46:42 Paladin
47:08 Champion
57:04 Arbalester
60:44 Ring Archer Armor
60:40 Bombard Tower
60:02 Treadmill Crane
60:59 Keep
60:13 Arrowslits
Connection lost

Rejoining the realm…

Still unreachable

The connection could not be restored.

Session expired

The server has moved on; the page needs a fresh start.